 Dungeon Crawl Stone Soup version 0.28.0-47-ge53b351184 (webtiles) character file.

Game seed: 4612434499680865744

33 Icepheonix32 the Chiller (level 3, -3/24 HPs)
             Began as a Demonspawn Ice Elementalist on May 4, 2022.
             Slain by a gnoll
             ... wielding a +0 spear
              (9 damage)
             ... on level 2 of the Dungeon.
             The game lasted 00:01:22 (1403 turns).

Icepheonix32 the Chiller (DsIE)                     Turns: 1403, Time: 00:01:22

Health: -3/24      AC:  2    Str:  8    XL:     3   Next: 12%
Magic:  4/6        EV: 12    Int: 18    God:
Gold:   56         SH:  0    Dex: 13    Spells: 2/6 levels left

rFire   . . .      SeeInvis .   h - +0 rapier
rCold   . . .      Faith    .   (no shield)
rNeg    . . .      Spirit   .   a - +0 robe
rPois   .          Reflect  .   (no helmet)
rElec   .          Harm     .   (no cloak)
rCorr   .          Rampage  .   (no gloves)
Will    .....                   (no boots)
Stlth   ++........              (no amulet)
HPRegen 0.08/turn               (no ring)
MPRegen 0.10/turn               (no ring)

@: no status effects
A: spiny 1
a: no special abilities


You were on level 2 of the Dungeon.
You visited 1 branch of the dungeon, and saw 2 of its levels.

You collected 56 gold pieces.

Inventory:

Hand Weapons
 c - a +0 dagger
 h - a +0 rapier (weapon)
Armour
 a - a +0 robe (worn)
Scrolls
 b - 2 scrolls of identify {unknown}
 d - a scroll of magic mapping {unknown}
 f - a scroll of teleportation {unknown}
Potions
 e - a potion of curing {unknown}
 g - a potion of degeneration {unknown}


   Skills:
 - Level 1.7 Dodging
 - Level 1.7 Stealth
 * Level 2.3 Spellcasting
 + Level 4.4 Ice Magic


You had 2 spell levels left.
You knew the following spells:

 Your Spells              Type           Power      Damage    Failure   Level
a - Freeze                Ice            72%        1d9       2%          1
b - Ozocubu's Armour      Ice            18%        N/A       9%          3

Your spell library contained the following spells:

 Spells                   Type           Power      Damage    Failure   Level
 Frozen Ramparts          Ice            36%        1d5       9%          3
 Hailstorm                Conj/Ice       10%        3d5       56%         4


Dungeon Overview and Level Annotations

Branches:
Dungeon (2/15)

Altars:


Innate Abilities, Weirdness & Mutations

You are partially covered in sharp spines.


Message History

A quokka skeleton is nearby!
A quokka skeleton is nearby!
An endoplasm comes into view.
The quokka skeleton is struck by your spines.
The quokka skeleton barely misses you.
You freeze the quokka skeleton.
The quokka skeleton resists.
The quokka skeleton is almost destroyed.
The endoplasm quivers.
The quokka skeleton is struck by your spines.
You destroy the quokka skeleton!
You can't see any susceptible monsters within range! (Use Z to cast anyway.)
The endoplasm is struck by your spines. The endoplasm barely misses you.
You freeze the endoplasm!
You kill the endoplasm!
You can't see any susceptible monsters within range! (Use Z to cast anyway.)
A gnoll comes into view. It is wielding a +0 spear.
A gnoll is nearby!
A gnoll is nearby!
A gnoll is nearby! 2 gnolls come into view.
The gnoll shouts! x3
The gnoll hits you from afar with a +0 spear.
The gnoll is struck by your spines. The gnoll barely misses you.
You freeze the gnoll.
The gnoll is heavily wounded.
The gnoll closely misses you.
The gnoll hits you from afar with a +0 spear.
The gnoll hits you with a +0 club.
You freeze the gnoll.
The gnoll is heavily wounded.
The gnoll hits you from afar with a +0 spear. x2
The gnoll is struck by your spines. The gnoll misses you.
You are too injured to fight recklessly!
Unknown command.
You hit the gnoll but do no damage.
The gnoll is almost dead.
The gnoll hits you from afar with a +0 spear.
* * * LOW HITPOINT WARNING * * *
The gnoll hits you from afar with a +0 spear!
You die...

..........#..#.##...###..###
............................
.#########..........###..###
#.#####.....##..# #.#
#.....##..# #.# #.....##..##
#.# ##.....<...# #.####
##.#.####.# #.@g.# #.#†# .#
#........g# #.#.# .#
#.####.g.......#.. ..
###.##.####.. .. .# .# #...
... .. ...... ##. ###...


You could see 3 gnolls.

Vanquished Creatures
  A dart slug (D:1)
  3 endoplasms
  3 giant cockroaches
  A goblin (D:1)
  2 hobgoblins
  A kobold (D:1)
  2 quokkas (D:1)
  3 ball pythons (D:1)
  5 bats (D:1)
  5 frilled lizards (D:1)
  A quokka skeleton (D:2)
  4 rats (D:1)
31 creatures vanquished.

Notes
Turn   | Place    | Note
-------+----------+-------------------------------------------
     0 | D:1      | Icepheonix32 the Demonspawn Ice Elementalist began the
                  | quest for the Orb.
     0 | D:1      | Reached XP level 1. HP: 13/13 MP: 3/3
   461 | D:1      | Reached skill level 4 in Ice Magic
   461 | D:1      | Gained mutation: You are partially covered in sharp spines.
                  | [demonic ancestry]
   461 | D:1      | Reached XP level 2. HP: 19/19 MP: 1/5
   699 | D:1      | Found a faded altar of an unknown god.
  1198 | D:1      | Reached XP level 3. HP: 22/24 MP: 3/6
  1202 | D:1      | Learned a level 3 spell: Ozocubu's Armour
  1403 | D:2      | Slain by a gnoll

Illustrated notes

Levels and vault maps discovered:
D:1:      ncdulo_smallfort, layout_basic, basic_ecumenical_altar,
          minmay_box_of_dots
D:2:      layout_loops_ring

Skill      XL: |  1 |
---------------+----+-----
Ice Magic      | 4 |  4.4
Dodging        | |  1.7
Stealth        | |  1.7
Spellcasting   | |  2.3

Action                   || total
-------------------------++-------
Melee: Unarmed           ||     3
       Dagger            ||     5
       Punch             ||     1
       Rapier            ||     2
 Cast: Freeze            ||    35
Armor: Robe              ||     7
Dodge: Dodged            ||    29
